 Dungeon Crawl Stone Soup version 0.26.0-10-g1f06aea511 (webtiles) character file.

Game seed: 12679146804036833273

23 inc the Vexing (level 2, 0/11 HPs)
             Began as a Felid Enchanter on Feb 1, 2021.
             Slain by a worm (11 damage)
             ... on level 2 of the Dungeon.
             The game lasted 00:01:02 (1158 turns).

inc the Vexing (Felid Enchanter)                    Turns: 1158, Time: 00:01:02

Health: 0/11       AC:  1    Str:  4    XL:     2   Next: 75%
Magic:  6/6        EV: 18    Int: 16    God:
Gold:   24         SH:  0    Dex: 16    Spells: 2/5 levels left
                                        Lives:  0   Deaths: 0

rFire    . . .     SeeInvis +     - Unarmed
rCold    . . .     Faith    .   (shield unavailable)
rNeg     . . .     Spirit   .   (armour unavailable)
rPois    .         Reflect  .   (helmet unavailable)
rElec    .         Harm     .   (cloak unavailable)
rCorr    .         Rampage  .   (gloves unavailable)
Will     .....                  (boots unavailable)
Stlth    +++.......             (no amulet)
HPRegen  0.03/turn              (no ring)
MPRegen  0.10/turn              (no ring)

@: quick
A: very small, no armour, no weapons or thrown items, stealth, claws 1, fangs 3,
see invisible, speed 1, shaggy fur 1, sharp paws
a: no special abilities


You were on level 2 of the Dungeon.
You visited 1 branch of the dungeon, and saw 2 of its levels.

You collected 24 gold pieces.

Inventory:

Jewellery
 g - an uncursed ring of ice {unknown}
Scrolls
 b - 2 scrolls of teleportation {unknown}
 d - a scroll of enchant armour {unknown}
 e - a scroll of remove curse {unknown}
Potions
 a - 2 potions of heal wounds {unknown}
 c - a potion of lignification {unknown}
 f - a potion of degeneration {unknown}


   Skills:
 - Level 2.6 Dodging
 - Level 4.0 Stealth
 + Level 2.8 Unarmed Combat
 - Level 2.0 Spellcasting
 - Level 4.4 Hexes


You had 2 spell levels left.
You knew the following spells:

 Your Spells              Type           Power        Failure   Level
a - Corona                Hex            16%          3%          1
b - Ensorcelled Hibernat  Hex/Ice        16%          13%         2

Your spell library contained the following spells:

 Spells                   Type           Power        Failure   Level
 Confusing Touch          Hex            15%          11%         3
 Tukima's Dance           Hex            15%          11%         3
 Dazzling Flash           Conj/Hex       16%          26%         3


Dungeon Overview and Level Annotations

Branches:
Dungeon (2/15)

Altars:


Innate Abilities, Weirdness & Mutations

You cannot wear armour.
You are incapable of wielding weapons or throwing items.
Your paws allow you to move quietly. (Stealth)
You have sharp claws.
You have razor-sharp teeth.
You have supernaturally acute eyesight. (SInv)
You cover ground quickly.
You are covered in fur. (AC +1)
Your sharp claws are effective at attacking unaware monsters.


Message History

Done exploring.
Done exploring.
Done exploring.
(D) Dungeon
Where to? (? - help)
There is an escape hatch in the floor here.
You see here a leather armour.
There is a stone staircase leading down here.
You climb downwards.
There is a stone staircase leading up here.
Found a cloak.
Found 23 arrows.
A worm comes into view.
Found 10 gold pieces.
A worm is nearby!
A worm is nearby!
A hobgoblin comes into view. It is wielding a +0 club.
The worm bites you!
Ouch! That really hurt!
You die...

###################
#............[....##
#.#######...........
#.# #.##.....#. #<#
#.##.##.## #.#
#......## #.#
#.##.##@# #.#
...(.....w# #.#
###.........# #.#
#.##........ #.. ...
######.... #.# ...
....# .# .....g
..###.


You could see a worm and a hobgoblin (asleep).

Vanquished Creatures
  3 dart slugs (D:1)
  2 giant cockroaches (D:1)
  4 hobgoblins (D:1)
  2 bats (D:1)
  A frilled lizard (D:1)
  5 kobolds (D:1)
  A rat (D:1)
18 creatures vanquished.

Notes
Turn   | Place    | Note
-------+----------+-------------------------------------------
     0 | D:1      | inc the Felid Enchanter began the quest for the Orb.
     0 | D:1      | Reached XP level 1. HP: 7/7 MP: 4/4
    90 | D:1      | Reached XP level 2. HP: 4/11 MP: 6/6
   326 | D:1      | Learned a level 2 spell: Ensorcelled Hibernation
  1158 | D:2      | Slain by a worm

Illustrated notes

Levels and vault maps discovered:
D:1:      psy_arrival_wood_between_worlds, layout_loops_ring
D:2:      minmay_razor_zed, layout_loops_ring, nicolae_overflow_crystal_walls,
          uniq_robin, uniq_jessica

Skill      XL: |  1 |
---------------+----+-----
Unarmed Combat | 2 |  2.8
Dodging        | |  2.6
Stealth        | |  4.0
Spellcasting   | |  2.0
Hexes          | |  4.4

Action                   || total
-------------------------++-------
Melee: Unarmed           ||    53
       Bite              ||     3
 Cast: Ensorcelled Hiber ||     7
 Stab: Sleeping          ||    11
Armor: Skin              ||     1
Dodge: Dodged            ||    30
